Map: Pylon LE

Players

Illua - Winner!

  • Race: Zerg Zerg
  • League: Platinum
  • Spawn Location: 11:00

FlixTwix

  • Race: Protoss Protoss
  • League: Master
  • Spawn Location: 5:00

VOD

Have the link to the VOD?

Description

Time

  • Played on: May 6, 2025, 3:27 p.m.
  • Length: 11:19
Show
View Real Time Build Order
Export as new Build Order

Illua Zerg - Winner!

Build Orders: Hatch First 

Get SALT Encoding   

  12  0:00  Drone  
  13  0:12  Overlord  
  13  0:16  Drone  
  14  0:30  Drone x2  
  16  0:48  Hatchery  
  15  0:50  Drone  
  15  0:53  Drone  
  17  1:00  Drone  
  18  1:07  Extractor  
  17  1:14  Spawning Pool  
  17  1:15  Drone  
  17  1:18  Drone  
  18  1:27  Drone  
  19  1:38  Drone  
  20  1:49  Overlord  
  20  2:00  Queen x2  
  24  2:02  Zergling x4  
  26  2:10  Drone  
  26  2:11  Drone  
  26  2:14  Metabolic Boost  
  28  2:21  Drone  
  28  2:22  Drone  
  30  2:36  Hatchery  
  29  2:40  Drone x2  
  29  2:43  Overlord  
  31  2:46  Drone  
  32  2:53  Queen  
  33  3:00  Drone x2  
  35  3:08  Drone  
  35  3:09  Drone  
  35  3:11  Drone x3  
  40  3:17  Drone  
  41  3:22  Drone  
  41  3:26  Overlord  
  42  3:32  Spore Crawler  
  42  3:33  Spore Crawler, Drone  
  41  3:37  Overlord  
  41  3:41  Drone  
  41  3:45  Lair  
  41  3:46  Drone x5  
  47  3:51  Drone x3  
  50  4:06  Drone x3  
  50  4:07  Drone, Roach Warren  
  50  4:09  Spore Crawler, Evolution Chamber  
  51  4:10  Drone  
  51  4:14  Drone x3  
  55  4:17  Overlord  
  55  4:23  Overlord  
  55  4:26  Drone  
  55  4:30  Drone x4  
  55  4:31  Drone x2  
  58  4:35  Drone  
  58  4:36  Drone x2  
  58  4:38  Drone  
  62  4:43  Overseer  
  62  4:47  Drone x3, Extractor  
  62  4:48  Drone  
  62  4:49  Drone, Extractor  
  65  4:53  Drone  
  65  4:56  Zerg Missile Weapons Level 1  
  66  5:00  Overlord  
  66  5:01  Overlord x3  
  66  5:08  Drone x2  
  66  5:09  Drone  
  66  5:11  Extractor  
  66  5:13  Drone x2, Extractor  
  66  5:14  Drone, Extractor  
  70  5:18  Hatchery  
  68  5:25  Drone x5  
  73  5:28  Drone x2  
  73  5:29  Drone  
  73  5:30  Roach x2  
  73  5:32  Glial Reconstitution  
  73  5:34  Roach  
  82  5:38  Roach  
  84  5:44  Roach x2  
  88  5:53  Roach x3  
  88  5:54  Infestation Pit  
  93  6:06  Infestation Pit  
  92  6:12  Roach x3  
  92  6:14  Overlord  
  92  6:15  Overlord x2  
  92  6:17  Overseer  
  98  6:19  Overseer  
  98  6:20  Zergling x2  
  98  6:24  Roach  
  98  6:25  Roach  
  103  6:32  Roach x4  
  117  6:33  Roach x3  
  117  6:42  Roach x5  
  127  6:48  Queen  
  127  6:50  Hive, Queen  
  127  6:51  Zerg Ground Armor Level 1, Queen  
  127  6:53  Roach  
  135  7:02  Hatchery, Roach  
  135  7:04  Overlord x2  
  135  7:05  Overlord x5  
  136  7:17  Overlord  
  136  7:18  Overlord x4  
  136  7:24  Roach x3  
  142  7:31  Ravager x4  
  142  7:32  Ravager  
  147  7:38  Roach  
  147  7:39  Roach x3  
  147  7:41  Zergling x16  
  147  7:42  Zergling x2  
  164  7:45  Roach x2  
  168  7:51  Roach  
  168  7:52  Roach x3  
  178  8:05  Roach  
  178  8:06  Roach x8  
  194  8:17  Roach x3  
  194  8:18  Roach x2  
  187  8:31  Roach x9  
  199  8:38  Roach  
  199  8:39  Roach x3  
  197  8:44  Zerg Missile Weapons Level 2  
  193  8:53  Zergling x14  
  197  9:03  Zergling x2  
  197  9:04  Zergling x4  
  198  9:18  Ultralisk Cavern  
  189  9:24  Zergling x2  
  189  9:25  Zergling x26  
  189  9:28  Roach  
  197  9:31  Hatchery  
  174  10:03  Queen  
  174  10:06  Ultralisk x5  
  192  10:13  Roach x5  
  186  10:36  Roach x5  
  186  10:40  Roach  
  186  10:41  Roach x2  
  186  10:42  Zergling x12  
Show
View Real Time Build Order
Export as new Build Order

FlixTwix Protoss 

Build Orders: 1 Gate Expand, Oracle Opening, Archon Immortal 

Get SALT Encoding   

  12  0:00  Probe  
  13  0:12  Probe  
  14  0:22  Pylon  
  14  0:24  Probe  
  15  0:37  Probe  
  15  0:40  Gateway  
  16  0:45  Probe  
  17  0:51  Assimilator  
  17  0:54  Probe  
  18  1:06  Probe  
  19  1:18  Probe  
  19  1:25  Nexus  
  20  1:35  Cybernetics Core  
  20  1:40  Probe  
  21  1:47  Assimilator  
  21  1:52  Probe  
  22  1:55  Pylon  
  22  2:03  Probe, Adept  
  23  2:15  Probe  
  25  2:16  Warp Gate  
  26  2:24  Probe  
  26  2:29  Stargate  
  27  2:36  Stalker, Probe  
  28  2:38  Probe  
  31  2:48  Probe  
  32  2:54  Probe  
  33  3:00  Probe  
  33  3:02  Oracle  
  34  3:06  Probe  
  39  3:12  Probe  
  39  3:18  Probe  
  39  3:19  Pylon  
  40  3:25  Gateway, Probe  
  40  3:26  Pylon  
  41  3:29  Adept  
  41  3:30  Probe  
  44  3:37  Probe  
  44  3:40  Oracle  
  48  3:42  Probe  
  49  3:49  Probe  
  49  3:54  Probe  
  51  4:01  Probe  
  52  4:16  Forge, Assimilator  
  52  4:17  Nexus  
  52  4:18  Assimilator, Pylon  
  52  4:19  Twilight Council  
  52  4:23  Pylon  
  52  4:48  Protoss Ground Weapons Level 1  
  52  4:49  Probe x2  
  54  4:55  Charge  
  54  5:01  Probe x2  
  54  5:06  Gateway  
  56  5:08  Gateway  
  56  5:12  Gateway x2  
  56  5:13  Probe x2  
  58  5:17  Templar Archives  
  58  5:25  Probe x2  
  60  5:36  Probe  
  60  5:37  Probe  
  60  5:38  Probe  
  63  5:44  Pylon  
  63  5:46  Shield Battery  
  63  5:54  Pylon  
  63  5:56  Pylon  
  63  5:59  Pylon  
  63  6:00  Pylon  
  63  6:03  Pylon  
  63  6:07  High Templar  
  63  6:08  High Templar x3  
  63  6:09  Zealot x2  
  75  6:11  Archon x2  
  75  6:12  Gateway  
  75  6:15  Gateway  
  75  6:17  Probe x3  
  78  6:25  Psionic Storm  
  78  6:26  Assimilator  
  78  6:28  Assimilator  
  78  6:29  Probe x3  
  78  6:30  Robotics Facility  
  81  6:44  Robotics Facility  
  81  6:47  Zealot x6  
  81  6:48  Pylon  
  93  7:04  Probe x3  
  84  7:16  Probe x2  
  84  7:22  High Templar x3  
  92  7:23  Zealot x3  
  92  7:24  Zealot x2  
  92  7:27  Observer  
  103  7:30  Archon  
  103  7:39  Shield Battery  
  103  7:41  Shield Battery  
  103  7:44  Protoss Ground Weapons Level 2  
  103  7:46  Photon Cannon  
  103  7:49  Photon Cannon  
  103  7:52  Photon Cannon  
  103  7:53  Shield Battery  
  103  7:56  Shield Battery  
  103  7:59  Photon Cannon  
  103  8:00  Immortal x2  
  103  8:02  Zealot x4, Photon Cannon  
  119  8:07  Photon Cannon  
  97  8:27  Zealot x3  
  97  8:28  Zealot x5  
  97  8:29  Immortal  
  93  8:39  Immortal  
  85  8:50  Zealot x7  
  85  8:51  Zealot  
  85  9:21  Zealot x6  
  73  9:40  Immortal x2, Shield Battery  
  73  9:44  High Templar  
  73  9:45  High Templar x4  
  73  9:50  Archon x2  
  59  10:08  Zealot  
  61  10:25  Immortal x2, Probe x2  
  61  10:31  Zealot x4  
  77  10:37  Probe x2  
  79  10:49  Probe  
  81  10:50  Probe  
  81  11:01  Probe  
  81  11:02  Probe  
  60  11:12  Zealot  
  60  11:13  Zealot x3  
Tags
 
Add a new tag
Caveats
  • Supply blocks, unpowered buildings, or Contaminate may cause inaccurate times.
  • Supply counts are checked every 10 seconds.